[Event "*** Titled Tuesday Blitz"]
[Site "Chess.com"]
[Date "2020.05.26"]
[Round "4"]
[White "almaguerjm"]
[Black "iLuusions"]
[Result "1-0"]
[WhiteElo "2354"]
[BlackElo "2576"]
[TimeControl "180+1"]
[EndTime "10:39:35 PDT"]
[Termination "almaguerjm won by resignation"]

1. d4 Nf6 2. Nc3 d5 3. Bf4 e6 4.
e3 a6 5. Bd3 Bd6 6. Qf3 c5 7.
dxc5 Bxc5 8. O-O-O Nc6 9. Bg5 h6 10.
Bxf6 Qxf6 11. Qxf6 gxf6 12. g3 Ke7 13. Nf3 f5 14.
Be2 b5 15. Nd4 Bd7 16. Bf3 Rac8 17. Nxc6+ Bxc6 18. Ne2 b4 19. Nd4 Bb7 20. h3 h5 21.
Kb1 a5 22. Rd2 a4 23. h4 Bb6 24. Ne2 Bc7 25. Rd4 Bd6 26. Nf4 Ba6 27. Nxh5 Bc4 28.
b3 axb3 29. cxb3 Bb5 30. Nf4 Be5 31. Rd2 Rc3 32. Rc1 Rhc8 33. Rxc3 Bxc3 34. Rc2 Kd6 35. Be2 Bc6 36. Nd3 e5 37. Nc1 d4 38. exd4 exd4 39. Bd3 Be4 40. g4 Ke5 41. gxf5 Bxf5 42. Re2+ Kf4 43.
Bxf5 Kxf5 44. Nd3 f6 45. Rc2 Rh8 46. a3 bxa3 47. Ka2 Rxh4 48. Kxa3 Rh3 49. Nc5 Rh1 50. Ka4 Ra1+ 51. Kb5 Rb1 52. Kc4 Kf4 53. Re2 Kf3 54. Re6 f5 55. Rf6 f4 56. Nd3 Ke2 57. Nxf4+ Kd2 58.
Nd5 Rc1 59. Kb5 Bb2 60. b4 d3 61. Re6 Kd1 62. Ne3+ Ke2 63. Nc4+ Kxf2 64. Nxb2 d2 65.
Rd6 Ke2 66. Nc4 1-0

[Event "*** Titled Tuesday Blitz"]
[Site "Chess.com"]
[Date "2020.05.26"]
[Round "4"]
[White "Majesth"]
[Black "pfalcon1949"]
[Result "1-0"]
[WhiteElo "2447"]
[BlackElo "2058"]
[TimeControl "180+1"]
[EndTime "10:39:35 PDT"]
[Termination "Majesth won by checkmate"]

1. d4 Nf6 2. Nc3 e6 3. Bf4 d5 4. Nb5 Na6 5. e3 c6 6. Nc3 Nc7 7. Nf3 Bd6 8. Ne5 O-O 9. Bd3 Nd7 10. Nxc6 bxc6 11. Bxd6 Re8 12. O-O e5 13. dxe5 Nxe5 14. Bxh7+ Kxh7 15. Qh5+ Kg8 16. Bxe5 Be6 17. Rad1 Qd7 18.
Qg5 f6 19. Bxf6 Qf7 20. Bd4 Rf8 21. e4 Rae8 22. Bc5 d4 23. Rxd4 Bc4 24. Rxc4 Qxc4 25. Bxf8 Rxf8 26. Qe7 Ne6 27. b3 Qxc3 28. Qxe6+ Kh8 29.
Qe7 Kg8 30. Qxa7 Qxc2 31. Qa4 c5 32. Qc4+ Qxc4 33. bxc4 Ra8 34. Ra1 Ra3 35. g3 Kf7 36.
Kg2 Ke6 37. f4 g6 38. Kh3 Kf6 39. Kg4 Kf7 40. Kg5 Kg7 41. e5 Kf7 42. g4 Kg7 43. h4 Kf7 44. h5 gxh5 45. Kxh5 Ke6 46. Kg5 Kf7 47. f5 Ke7 48. Kg6 Kf8 49. Kf6 Ke8 50.
e6 Kf8 51. g5 Ke8 52. g6 Kf8 53. Rh1 Kg8 54. Rd1 Ra8 55. Rd7 Rf8+ 56. Rf7 Rxf7+ 57.
gxf7+ Kf8 58. e7# 1-0

[Event "*** Titled Tuesday Blitz"]
[Site "Chess.com"]
[Date "2020.05.26"]
[Round "4"]
[White "mattcolins2025"]
[Black "eightbyeightchess"]
[Result "1-0"]
[WhiteElo "2302"]
[BlackElo "2436"]
[TimeControl "180+1"]
[EndTime "10:39:35 PDT"]
[Termination "mattcolins2025 won by resignation"]

1. d4 d5 2. c4 c6 3. Nc3 Nf6 4.
Nf3 dxc4 5. a4 Bf5 6. e3 e6 7.
Bxc4 Nbd7 8. O-O Bb4 9. Qb3 Bd6 10. Re1 Ne4 11. Nxe4 Bxe4 12. Nd2 Bg6 13. e4 O-O 14. e5 Be7 15. Qxb7 Nb6 16. Bf1 Bb4 17. a5 Nd5 18.
Rd1 Bxa5 19. Nc4 Bb4 20. Bd3 Bxd3 21. Rxd3 c5 22. Rxa7 Rxa7 23. Qxa7 cxd4 24. Qxd4 Qc7 25. Bd2 Bc5 26. Qh4 Ra8 27. h3 Be7 28. Qg4 h5 29.
Qe4 Ra1+ 30. Kh2 Nf6 31. Qf4 Nd5 32. Qe4 Bc5 33. Rf3 Qe7 34. h4 Rd1 35. Bg5 Qd7 36. Rb3 Nb4 37. Nd6 Rd4 38. Qa8+ Kh7 39. Qf3 Bxd6 40.
exd6 f6 41. Qxh5+ Kg8 42. Be3 Re4 43. Rc3 Qxd6+ 44. g3 Nc6 45. Qg6 Re5 46. Qe8+ Kh7 47. Qxc6 Qd1 48. Qg2 Rd5 49. Bf4 Qe1 50. Be3 Rd1 51.
g4 Rb1 52. Kg3 Rxb2 53. Rc6 e5 54. h5 Qd1 55. Qe4+ Kg8 56. Rc8+ Kf7 57. Qc4+ Ke7 58. Rc7+ Kd8 59. Rc8+ Kd7 60. Qc7+ Ke6 61. Re8+ Kd5 62. Rd8+ Ke4 63. Qc6+ 1-0

[Event "*** Titled Tuesday Blitz"]
[Site "Chess.com"]
[Date "2020.05.26"]
[Round "4"]
[White "Orest_Vovk"]
[Black "adiosabu"]
[Result "1-0"]
[WhiteElo "2434"]
[BlackElo "2591"]
[TimeControl "180+1"]
[EndTime "10:39:36 PDT"]
[Termination "Orest_Vovk won by resignation"]

1. g4 d5 2. h3 Nc6 3. Bg2 e5 4.
c4 dxc4 5. Bxc6+ bxc6 6. Nc3 h5 7. Qa4 hxg4 8. hxg4 Rxh1 9. Qxc6+ Bd7 10. Qxh1 Bxg4 11. Qc6+ Bd7 12. Qxc4 Nf6 13. Nf3 Bd6 14. Ng5 Qe7 15.
Qh4 Bc6 16. Qc4 Bd7 17. d3 Rb8 18. Qh4 Rb4 19. Qh8+ Qf8 20. Qh1 c6 21. Nge4 Nxe4 22. Nxe4 Be7 23. a3 Rb7 24. b4 Kd8 25. Be3 a5 26. Nc5 Rb5 27. Nxd7 Kxd7 28. Rc1 Qa8 29. Qh3+ Kc7 30. Qf5 Bf6 31. Qe4 axb4 32. Qc4 Qa6 33.
Qxf7+ Kb8 34. axb4 Qb7 35. Qg8+ Qc8 36. Qc4 Qb7 37.
Qxc6 Qxc6 38. Rxc6 Rxb4 39. Kf1 Rb1+ 40. Kg2 Rb2 41.
Kf3 Kb7 42. Rc4 Ra2 43. Re4 Kc6 44. Bc1 Kd5 45. Be3 Rc2 46. Bb6 Rc6 47. Ba5 Rc2 48.
Bb4 Rc6 49. Bd2 Rc2 50. Be3 Rc6 51. Kg4 Rc2 52. Bg5 Rc5 53. Kf5 Bxg5 54. Rxe5+ Kd4 55. Rxc5 Kxc5 56. Kxg5 1-0

[Event "*** Titled Tuesday Blitz"]
[Site "Chess.com"]
[Date "2020.05.26"]
[Round "4"]
[White "Grineva_Marianna"]
[Black "MMKZH22"]
[Result "1-0"]
[WhiteElo "2129"]
[BlackElo "2291"]
[TimeControl "180+1"]
[EndTime "10:39:37 PDT"]
[Termination "Grineva_Marianna won by resignation"]

1. d4 d5 2. c4 c6 3. Nc3 Nf6 4.
Nf3 dxc4 5. a4 Bf5 6. e3 e6 7. Bxc4 Bb4 8. Bd2 Nbd7 9. O-O O-O 10. Ne2 Bd6 11. Ng3 Bg6 12. a5 a6 13. Rc1 Qe7 14.
Qb3 Rab8 15. Rfe1 e5 16. dxe5 Nxe5 17. Nxe5 Bxe5 18. Bc3 Bxc3 19. Qxc3 Rfd8 20. Rcd1 Rxd1 21. Rxd1 Rd8 22. Rd4 Rxd4 23. Qxd4 Qd7 24. Ne2 c5 25. Qxd7 Nxd7 26. Bd5 b6 27. axb6 Nxb6 28. Bb7 a5 29.
e4 f6 30. f3 Bf7 31. Nc3 Kf8 32. Kf2 Ke7 33. Ba6 Kd6 34. Bb5 c4 35. Ke3 Kc5 36.
Ba6 Kb4 37. Kd4 Kb3 38. Nd1 Kc2 39. Ne3+ Kxb2 40. Nd5 Nxd5 41. Bxc4 Nb4 42. Bxf7 a4 43. Kc5 a3 44. Kd6 a2 45. Bxa2 Kxa2 46. Ke7 Nd3 47. Kf7 Ne1 48. Kxg7 Nxg2 49. Kxf6 Ne1 50. f4 Kb3 51. e5 Kc4 52. e6 Nf3 53. e7 Nd4 1-0

[Event "*** Titled Tuesday Blitz"]
[Site "Chess.com"]
[Date "2020.05.26"]
[Round "4"]
[White "jacky72"]
[Black "GrafLermontov"]
[Result "1-0"]
[WhiteElo "2648"]
[BlackElo "2475"]
[TimeControl "180+1"]
[EndTime "10:39:38 PDT"]
[Termination "jacky72 won on time"]

1. d4 Nf6 2. c4 g6 3. Nc3 d5 4. Nf3 Bg7 5. h4 dxc4 6. e4 c5 7. d5 b5 8. h5 b4 9. h6 Bf8 10.
e5 bxc3 11. exf6 exf6 12. Bxc4 Bd6 13. Qe2+ Qe7 14. Qxe7+ Kxe7 15. bxc3 Bg4 16. O-O Nd7 17. Re1+ Ne5 18. Nh2 Kd7 19. Bb5+ Kc7 20. f4 Bf5 21. fxe5 fxe5 22. Bg5 a6 23. Bc6 Rab8 24. Nf3 e4 25. Nd2 f6 26. Bxf6 Rhf8 27. Bg7 Rf7 28. Nxe4 Bxe4 29.
Rxe4 Rb2 30. c4 Rd2 31. Be5 Rff2 32. Bxd6+ Kxd6 33. Rg4 a5 34. a4 Rde2 35. Re1 Rxg2+ 36.
Rxg2 Rxe1+ 37. Kh2 Re4 38. Kh3 Rxc4 39. Rf2 Rc3+ 40.
Kg4 c4 41. Rf6+ Kc5 42. Rxg6 Rc2 43. Rg7 Rg2+ 44. Kf3 Rh2 45. Rxh7 c3 46. Bb5 Kd6 47. Rd7+ Ke5 48. h7 c2 49. Rc7 c1=Q 50. Rxc1 Rxh7 51.
Rd1 Rh3+ 52. Kg4 Rh6 53. Bc6 Kd6 54. Kf5 Rh8 55. Ke4 Rf8 56. Rg1 Rf6 57. Rg4 Rf1 58.
Rg6+ Kc5 59. Ke5 Re1+ 60. Kf6 Rf1+ 61. Ke7 Rf4 62. Re6 Rh4 63. Kd8 Rh7 64. Re7 Rh6 65.
Kc7 Rg6 66. d6 Rxd6 67. Re5+ 1-0

[Event "*** Titled Tuesday Blitz"]
[Site "Chess.com"]
[Date "2020.05.26"]
[Round "4"]
[White "VojtechPlat"]
[Black "NewBornNow"]
[Result "1/2-1/2"]
[WhiteElo "2892"]
[BlackElo "2711"]
[TimeControl "180+1"]
[EndTime "10:39:39 PDT"]
[Termination "Game drawn - insufficient material"]

1. e4 d6 2. d4 Nf6 3. Nc3 e5 4. Nf3 Nbd7 5. Bc4 Be7 6. a4 O-O 7. a5 c6 8. O-O exd4 9. Qxd4 Nc5 10. h3 Be6 11. Be3 b5 12. axb6 axb6 13. b4 Bxc4 14. Qxc4 b5 15. Qd4 Ne6 16. Qd3 Nd7 17. Ne2 Ne5 18.
Nxe5 dxe5 19. Qc3 Qd6 20. Rab1 Rfd8 21. Nc1 Nd4 22. Kh1 Ne6 23. Nd3 f6 24. Qb3 Kh8 25. Ra1 Qd7 26. Kh2 h6 27. Rfd1 Rxa1 28. Rxa1 Nd4 29.
Bxd4 Qxd4 30. Re1 f5 31. exf5 e4 32. Nf4 Bd6 33. Qg3 Rf8 34. Qg4 Qxf2 35. Rxe4 Qxc2 36. Re6 Bxf4+ 37. Qxf4 Qxf5 38. Qxf5 Rxf5 39. Rxc6 Rf4 40. Rb6 Rxb4 41. Kg3 Rb1 42. h4 Kg8 43. Rb7 Kf8 44. h5 Rb4 45. Kh3 Rb2 46. Kg3 b4 47. Kh3 b3 48.
Kh2 Rb1 49. Kg3 Kg8 50. Kh2 Kf8 51. Kg3 Ke8 52. Rxg7 Kd8 53. Rb7 Kc8 54. Rb6 Kc7 55. Rb4 Kc6 56. Kg4 Kc5 57. Rb8 Kc4 58. Kf5 Ra1 59. g4 Ra5+ 60. Kg6 Rb5 61. Rc8+ Kd5 62.
Rd8+ Ke4 63. Kxh6 b2 64. Rd1 Rb6+ 65. Kg7 Rb7+ 66. Kg6 Rb6+ 67. Kg7 Rb7+ 68. Kg6 b1=Q 69. Rxb1 Rxb1 70. h6 Rb6+ 71. Kg7 Kf4 72. h7 Rb7+ 73. Kg6 Rxh7 74. Kxh7 Kxg4 1/2-1/2

[Event "*** Titled Tuesday Blitz"]
[Site "Chess.com"]
[Date "2020.05.26"]
[Round "4"]
[White "djano"]
[Black "ChronicUnhappiness"]
[Result "1-0"]
[WhiteElo "2450"]
[BlackElo "2277"]
[TimeControl "180+1"]
[EndTime "10:39:39 PDT"]
[Termination "djano won on time"]

1. d4 Nf6 2. Nf3 e6 3. Bf4 Bd6 4. Bg3 Bxg3 5. hxg3 b6 6. Nbd2 Bb7 7. e3 d6 8. Bd3 Nbd7 9. Qe2 Qe7 10. a4 a6 11.
e4 e5 12. c3 c6 13. Nh4 g6 14. O-O O-O 15. f4 b5 16. f5 exd4 17. cxd4 c5 18. axb5 axb5 19. Rxa8 Rxa8 20. Bxb5 cxd4 21. fxg6 hxg6 22.
Nhf3 Nc5 23. Nxd4 Nfxe4 24. Nc6 Qc7 25. Nxe4 Bxc6 26. Nf6+ Kg7 27. Bc4 d5 28. Bxd5 Bxd5 29. Nxd5 Qd6 30. Qf3 f5 31. Qc3+ Kh6 32. Rd1 Ne4 33.
Qe3+ Kg7 34. Qf4 Qxf4 35. gxf4 Ra2 36. b4 Ng3 37. Rb1 Ne2+ 38. Kf1 Nxf4 39. Nxf4 g5 40. Nd5 f4 41. b5 Rd2 42. b6 Rxd5 43. b7 Rd8 44. b8=Q Rxb8 45. Rxb8 Kf6 46. Kf2 Kf5 47. Rb5+ Kg4 48. Rc5 Kh4 49. Kf3 Kh5 50. g3 fxg3 51. Kxg3 Kg6 52. Kg4 Kh6 53. Rxg5 1-0

[Event "*** Titled Tuesday Blitz"]
[Site "Chess.com"]
[Date "2020.05.26"]
[Round "4"]
[White "Klavdia_Nik"]
[Black "malakismayil"]
[Result "0-1"]
[WhiteElo "2059"]
[BlackElo "2286"]
[TimeControl "180+1"]
[EndTime "10:39:39 PDT"]
[Termination "malakismayil won on time"]

1. Nf3 Nf6 2. c4 e6 3. b3 d5 4. Bb2 Be7 5. g3 O-O 6. Bg2 c5 7.
O-O Nc6 8. d3 d4 9. Nbd2 e5 10.
b4 cxb4 11. a3 bxa3 12. Bxa3 Bxa3 13. Rxa3 Bg4 14. h3 Bf5 15. Ng5 h6 16. Nge4 Nd7 17.
Qa4 Qe7 18. Raa1 Bg6 19. Qa3 Qxa3 20. Rxa3 Rab8 21. Rb1 Rfd8 22. Nd6 Nc5 23. Nxb7 Nxb7 24. Bxc6 Nc5 25. Rxa7 Rxb1+ 26. Nxb1 Rb8 27. Ra8 Rxa8 28. Bxa8 f5 29. Bd5+ Kf8 30. f3 Ke7 31. Nd2 Be8 32.
Kf2 g5 33. f4 gxf4 34. gxf4 exf4 35. Kf3 Bh5+ 36. Kxf4 Bxe2 37. Kxf5 Bxd3+ 38. Ke5 Bf1 39. Kxd4 Nd7 40. h4 Nf8 41. Ne4 Ng6 42. h5 Nf4 43. Ng3 Bh3 44. c5 Bg4 45. Ke5 Nxh5 46. Nxh5 Bxh5 47. c6 Bg4 48. Be4 Bc8 49. Bf3 Kd8 50.
Kd6 Bh3 51. Bh5 Bf5 52. c7+ Kc8 0-1

[Event "*** Titled Tuesday Blitz"]
[Site "Chess.com"]
[Date "2020.05.26"]
[Round "4"]
[White "Onischuk_V"]
[Black "GregShahade"]
[Result "1/2-1/2"]
[WhiteElo "2879"]
[BlackElo "2631"]
[TimeControl "180+1"]
[EndTime "10:39:41 PDT"]
[Termination "Game drawn - insufficient material"]

1. e4 e5 2. Nf3 Nc6 3. Bb5 a6 4. Ba4 Nf6 5. d3 b5 6. Bb3 Bc5 7. O-O d6 8. a4 Rb8 9. h3 h6 10.
Nbd2 O-O 11. Re1 Re8 12. Nf1 Be6 13. Bxe6 Rxe6 14. Ng3 Ne7 15. axb5 axb5 16. Nh4 Kh8 17. Qf3 Neg8 18. Bd2 g6 19. Qe2 Nd7 20. Nf3 Kg7 21.
b4 Bb6 22. c4 bxc4 23. dxc4 Ngf6 24. Bc3 Ra8 25. Qd2 Re8 26. Qb2 Qb8 27. Rxa8 Qxa8 28. c5 Ba7 29. Ra1 Qb8 30. Qa2 Bxc5 31. bxc5 Nxc5 32. Rb1 Qa8 33. Qxa8 Rxa8 34. Nd2 Ra3 35. Bb4 Rd3 36. Bxc5 Rxd2 37. Be3 Rc2 38. f3 c6 39. Rc1 Rxc1+ 40. Bxc1 d5 41. Kf1 dxe4 42. Nxe4 Nd5 43.
Ke2 f5 44. Nc5 Kf6 45. Nd3 Ke6 46. Bb2 e4 47. fxe4 fxe4 48. Nc5+ Kf5 49. Bc1 h5 50. Nb3 Nc3+ 51. Ke3 Nd5+ 52. Kd4 Nf4 53. Bxf4 Kxf4 54. Nc5 Kg3 55. Nxe4+ Kxg2 56. Ng5 Kg3 57. Ke5 c5 58. Kf6 c4 59. Kxg6 c3 60. Ne4+ Kxh3 61. Nxc3 h4 62. Kg5 Kg3 63. Ne4+ Kf3 64. Kxh4 1/2-1/2

[Event "*** Titled Tuesday Blitz"]
[Site "Chess.com"]
[Date "2020.05.26"]
[Round "4"]
[White "ChessicallyInclined"]
[Black "VerdeNotte"]
[Result "1/2-1/2"]
[WhiteElo "2528"]
[BlackElo "2770"]
[TimeControl "180+1"]
[EndTime "10:39:43 PDT"]
[Termination "Game drawn by repetition"]

1. d4 Nf6 2. c4 g6 3. Nc3 Bg7 4. e4 d6 5. f3 O-O 6. Be3 c5 7. Nge2 Qa5 8. Nc1 cxd4 9. Nb3 Qxc3+ 10. bxc3 dxe3 11. Be2 Nc6 12. O-O Nh5 13. f4 Bxc3 14.
Bxh5 Bxa1 15. Qxa1 gxh5 16. Qc3 e2 17. Re1 f5 18. Qg3+ Kh8 19. Qc3+ Kg8 20. Qg3+ Kh8 21. Rxe2 fxe4 22. Rxe4 Bf5 23. Re3 Rf7 24. c5 d5 25.
Qh4 Bg6 26. Re1 Raf8 27. g3 a5 28. Rd1 e6 29. Qh3 Rf6 30. Nd4 Nxd4 31. Rxd4 Rc8 32.
Qh4 Kg7 33. Qg5 Rxc5 34. Qe5 Rc1+ 35. Kg2 Bf5 36. Rd2 b5 37. h3 Kf7 38. Qb2 Be4+ 39. Kf2 Rh1 40. Qxb5 Rh2+ 41. Ke3 Rxh3 42. Qd7+ Kg6 43.
Qe8+ Kg7 44. Qe7+ Rf7 45. Qg5+ Bg6 46. Qe5+ Kg8 47. Rb2 Rxg3+ 48. Kd4 Rd3+ 49. Kc5 d4 50. Rb8+ Rf8 51. Qxe6+ Bf7 52. Rxf8+ Kxf8 53. Qd6+ Kg7 54. Qe5+ Kg8 55. Qb8+ Kg7 56. Qe5+ Kf8 57. Qg5 Rd1 58.
Qd8+ Kg7 59. Qg5+ Kf8 60. Qd8+ Be8 61. Qf6+ Kg8 62. Qg5+ Kf8 63. Qf6+ Bf7 64. Qd8+ 1/2-1/2

[Event "*** Titled Tuesday Blitz"]
[Site "Chess.com"]
[Date "2020.05.26"]
[Round "4"]
[White "Keks2017"]
[Black "Kobalia"]
[Result "1-0"]
[WhiteElo "2546"]
[BlackElo "2787"]
[TimeControl "180+1"]
[EndTime "10:39:43 PDT"]
[Termination "Keks2017 won on time"]

1. e4 c6 2. d3 d5 3. Nd2 g6 4. g3 Bg7 5. Bg2 e5 6. Ngf3 Ne7 7. O-O O-O 8. b3 a5 9. a3 b5 10. Bb2 d4 11. Ne1 a4 12. f4 c5 13. f5 Ra6 14. g4 Bh6 15. Kh1 Kh8 16. Ndf3 Bf4 17. Bc1 axb3 18. cxb3 gxf5 19. Bxf4 exf4 20.
gxf5 Nd7 21. Qc1 Qc7 22. Nxd4 Qe5 23. Nxb5 Rh6 24. Nf3 Qg7 25. Ra2 Nf6 26. Qxf4 Nh5 27. Qg5 Qxg5 28. Nxg5 Ng3+ 29. Kg1 Nxf1 30. Bxf1 f6 31.
Nf3 Nc6 32. Rc2 Rg8+ 33. Rg2 Ne5 34. Rxg8+ Kxg8 35. Ne1 Rh5 36. h3 Rg5+ 37. Kf2 Rg7 38. d4 cxd4 39. Nxd4 Rc7 40. b4 Bb7 41. Ne6 Rc3 42.
Nc5 Bc6 43. a4 Ra3 44. a5 Nd7 45. Nxd7 Bxd7 46. Bc4+ Kf8 47. Nd3 Rc3 48. Ba6 Bc6 49. Ke3 Ke7 50. Kd4 Ra3 51. Bc4 Kd6 52. b5 Bb7 53. a6 Bc8 54. Nc5 Bd7 55. Nxd7 Kxd7 56. b6 1-0

[Event "*** Titled Tuesday Blitz"]
[Site "Chess.com"]
[Date "2020.05.26"]
[Round "4"]
[White "CHESSMASTER759"]
[Black "Oleksandr_Bortnyk"]
[Result "0-1"]
[WhiteElo "2649"]
[BlackElo "2980"]
[TimeControl "180+1"]
[EndTime "10:39:45 PDT"]
[Termination "Oleksandr_Bortnyk won by resignation"]

1. e4 Nf6 2. d3 d5 3. Nd2 e5 4. Ngf3 Nc6 5. Be2 Be7 6. O-O O-O 7. c3 h6 8. h3 Be6 9. Re1 a5 10. a4 Nd7 11. exd5 Bxd5 12. Nc4 f5 13. Nfd2 Nc5 14. Bf1 Bf6 15. Na3 Qd7 16. Nb5 Rae8 17. Nc4 b6 18.
Be3 Ne6 19. Nca3 f4 20. Bc1 Ng5 21. Nc2 f3 22. Bxg5 fxg2 23. Bxg2 Bxg2 24. Kxg2 Bxg5 25. Qg4 Qxd3 26. Ne3 Rf4 27. Qe2 Qg6 28. Kh1 Ref8 29. Ng4 h5 30. Nxe5 Nxe5 31. Qxe5 Qc6+ 32. Kg1 Bh4 33.
Qe6+ Qxe6 34. Rxe6 Rxf2 35. Nxc7 Rxb2 36. Re8 Rxe8 37.
Nxe8 Bf2+ 38. Kh1 Bg3 39. Rd1 Ra2 40. Nd6 Rxa4 41. Nc8 b5 42. Rf1 b4 43. Ne7+ Kh7 44. cxb4 axb4 45. Rf5 g6 46. Rb5 Ra1+ 47. Kg2 Bd6 48.
Nc8 Bf8 49. Nb6 Ra2+ 50. Kf3 Ra3+ 51. Kf4 Rxh3 52. Nd7 Bh6+ 53. Ke5 Bg7+ 54. Ke6 Re3+ 55. Kf7 Rf3+ 56. Ke7 b3 57. Rb7 b2 58. Ke8 Kg8 59. Nc5 Rf8+ 60. Ke7 Rf7+ 61. Ke6 Rxb7 0-1

[Event "*** Titled Tuesday Blitz"]
[Site "Chess.com"]
[Date "2020.05.26"]
[Round "4"]
[White "lelajavakhishvili"]
[Black "Semen_Khanin"]
[Result "0-1"]
[WhiteElo "2498"]
[BlackElo "2701"]
[TimeControl "180+1"]
[EndTime "10:39:45 PDT"]
[Termination "Semen_Khanin won on time"]

1. d4 Nf6 2. c4 g6 3. Nf3 Bg7 4. g3 O-O 5. Bg2 c6 6. Nc3 d5 7. cxd5 cxd5 8. Ne5 e6 9. O-O Nfd7 10. f4 Nc6 11. e3 Ne7 12. a4 f6 13. Nd3 Nf5 14.
b3 Rf7 15. Qd2 Nd6 16. Ba3 Bf8 17. Rfc1 f5 18. Ne5 Nxe5 19. dxe5 Ne8 20. Bxf8 Kxf8 21. Nb5 Bd7 22. Qb4+ Kg7 23. Nd6 Nxd6 24. Qxd6 Qb6 25. Qxb6 axb6 26. Bf1 Bc6 27. Kf2 Rd7 28. Rd1 Ra5 29.
Ke1 Rd8 30. Rd4 Kf7 31. Rc1 Ke7 32. Rb4 h6 33. Bg2 Rc5 34. Kd2 Rc8 35. Rxc5 bxc5 36.
Rb6 Ra8 37. Bf1 Kd7 38. b4 cxb4 39. Rxb4 Kc7 40. Kc3 Bxa4 41. Bd3 Bc6 42. Bc2 g5 43. Rb2 g4 44. Rb4 h5 45. Rb1 h4 46. gxh4 Rh8 47.
Rg1 Rxh4 48. Bd3 Rxh2 49. Kd4 Rd2 50. Kc3 Ra2 51. Bc2 Ba4 52. Bd3 Rh2 53. Kd4 b5 54. Rc1+ Kb6 55. Rc8 g3 56. Rg8 g2 57. Rg6 Bd1 58.
Bxf5 Bf3 0-1

[Event "*** Titled Tuesday Blitz"]
[Site "Chess.com"]
[Date "2020.05.26"]
[Round "4"]
[White "econpower"]
[Black "Flawless_Fighter"]
[Result "1-0"]
[WhiteElo "2635"]
[BlackElo "2465"]
[TimeControl "180+1"]
[EndTime "10:39:45 PDT"]
[Termination "econpower won by resignation"]

1. c4 Nf6 2. g3 e6 3. Bg2 d5 4. Nf3 Be7 5. O-O O-O 6. Qc2 d4 7. d3 c5 8. e4 Nc6 9. e5 Nd7 10. Qe2 Qc7 11. Re1 b6 12. h4 h6 13. Bf4 Bb7 14.
Nbd2 Nb4 15. Nf1 a6 16. N1h2 b5 17. b3 Rfd8 18. h5 bxc4 19. bxc4 Rab8 20. Ng4 Bf8 21. a3 Nc6 22. Nd2 Ne7 23. Ne4 Nf5 24. Reb1 Bc6 25. Nd2 Bxg2 26. Kxg2 Qc6+ 27. f3 Rxb1 28. Rxb1 Rb8 29.
Nf2 Qa4 30. g4 Ne7 31. Rxb8 Nxb8 32.
Nb1 Qb3 33. Qd1 Qb2 34. a4 Nd7 35. Nd2 Nc6 36. Qe1 Nb4 37. Bg3 Qc2 38. Qd1 Qxd1 39. Nxd1 Nxd3 40. f4 Be7 41. Kf3 Nb4 42. Ke2 Nb6 43. Nb2 Kf8 44. Ne4 Ke8 45. Be1 Nc6 46. Bd2 Kd7 47. Kd3 Kc7 48. a5 Nd7 49. Na4 Nd8 50. Nb2 Nb7 51. Nd1 Nb8 52. g5 Nc6 53.
gxh6 gxh6 54. Ndf2 Ncxa5 55. Ng4 Nb3 56. Nef6 Nxd2 57.
Kxd2 Na5 58. Kd3 Nc6 59. Nxh6 a5 60. Nxf7 a4 61. Kc2 Nb4+ 62. Kb2 d3 63. Ne4 Kc6 64. h6 Nc2 65. h7 a3+ 66. Ka2 d2 67. Nxd2 Nb4+ 68.
Kxa3 1-0

[Event "*** Titled Tuesday Blitz"]
[Site "Chess.com"]
[Date "2020.05.26"]
[Round "4"]
[White "lelya96"]
[Black "CyberneticLion"]
[Result "0-1"]
[WhiteElo "2270"]
[BlackElo "2445"]
[TimeControl "180+1"]
[EndTime "10:39:45 PDT"]
[Termination "CyberneticLion won by resignation"]

1. d4 d5 2. Nc3 Nf6 3. Bg5 Nbd7 4. Qd2 h6 5. Bh4 c6 6. f3 e5 7. dxe5 Nxe5 8. Qe3 Qe7 9. O-O-O Nc4 10. Qxe7+ Bxe7 11. Bf2 Nd6 12. e3 Be6 13. Nge2 O-O 14. Nf4 Rfe8 15. Bd3 a6 16. Nxe6 fxe6 17. e4 Nb5 18. Nxb5 axb5 19. Kb1 Ra4 20. exd5 exd5 21. Rhe1 Kf8 22. b3 Ra3 23. Bg6 Rea8 24. Rxe7 Kxe7 25. Bc5+ Kd7 26. Bxa3 Rxa3 27. Re1 Ra8 28. Kb2 Rf8 29.
Bf5+ Kd8 30. Bh3 Ne8 31. Re6 Rf6 32. Re5 Nd6 33. Kc3 Nf7 34. Re1 c5 35. a4 bxa4 36. bxa4 Ra6 37. Kb3 Rb6+ 38. Ka3 Nd6 39. Be6 Nc4+ 40.
Ka2 Rb2+ 41. Ka1 Rb4 42. Bxd5 Rxa4+ 43. Kb1 Rb4+ 44. Kc1 Nd6 45. Rd1 Ke7 46. Re1+ Kd7 47. Be6+ Kc7 48. c3 Ra4 49. Kc2 Ra8 50. Bd5 Re8 51.
Rxe8 Nxe8 52. Kd3 b6 53. c4 Kd6 54. Ke3 Nc7 55. Ke4 Nxd5 56. cxd5 b5 57. g4 b4 58. Kd3 b3 59. h4 c4+ 60. Kc3 Kxd5 61. f4 Ke4 62. f5 Kf4 63. g5 hxg5 64. hxg5 Kxg5 0-1

[Event "*** Titled Tuesday Blitz"]
[Site "Chess.com"]
[Date "2020.05.26"]
[Round "4"]
[White "chessfrendz"]
[Black "Rinas_Oleg"]
[Result "1/2-1/2"]
[WhiteElo "2404"]
[BlackElo "2237"]
[TimeControl "180+1"]
[EndTime "10:39:46 PDT"]
[Termination "Game drawn by repetition"]

1. c4 c5 2. Nf3 Nc6 3. d4 cxd4 4.
Nxd4 Nf6 5. Nc3 g6 6. e4 Bg7 7. Be2 d6 8. Be3 O-O 9. Rc1 Nxd4 10. Bxd4 Be6 11. O-O b6 12. f4 Rc8 13. b3 Bd7 14.
e5 dxe5 15. fxe5 Ne8 16. Bf3 Nc7 17. Nd5 Ne6 18. Bb2 Bc6 19. a4 Nc5 20. Re1 e6 21.
Nf6+ Bxf6 22. exf6 Qxd1 23. Rcxd1 Nxb3 24. Bxc6 Rxc6 25. Rd7 a5 26. Ba3 Rfc8 27. Red1 h5 28. h4 Rxc4 29.
Rd8+ Rxd8 30. Rxd8+ Kh7 31. g3 g5 32. hxg5 Nc5 33.
Rf8 Kg6 34. Rg8+ Kf5 35. Rg7 Rg4 36. Kf2 Rxg5 37. Bxc5 bxc5 38. Rxf7 Rg6 39. Rc7 Rxf6 40. Rxc5+ Kg4+ 41. Kg2 Rf5 42. Rc4+ Kg5 43. Re4 Kf6 44. Rd4 Rd5 45. Rf4+ Rf5 46. Re4 Re5 47. Rf4+ Rf5 48. Rd4 Rd5 49. Re4 Re5 50. Rf4+ Rf5 1/2-1/2

[Event "*** Titled Tuesday Blitz"]
[Site "Chess.com"]
[Date "2020.05.26"]
[Round "4"]
[White "Makswolf200817"]
[Black "CMS13"]
[Result "1/2-1/2"]
[WhiteElo "2398"]
[BlackElo "2204"]
[TimeControl "180+1"]
[EndTime "10:39:46 PDT"]
[Termination "Game drawn by repetition"]

1. Nf3 d5 2. e3 Nf6 3. c4 e6 4. Nc3 Bb4 5. a3 Bxc3 6. bxc3 O-O 7. d4 c6 8. Bd3 Nbd7 9. O-O Re8 10. cxd5 exd5 11.
c4 dxc4 12. Bxc4 Nb6 13. Ba2 h6 14. Ne5 Be6 15. Bxe6 Rxe6 16. Qb3 Qd5 17. Qc2 c5 18. Bb2 cxd4 19. exd4 Rc8 20. Qf5 Nc4 21. Rac1 b5 22.
a4 a6 23. axb5 axb5 24. Rc2 Ra8 25. Bc3 Rb8 26. Qf4 Ra8 27. h3 Qd6 28. Re1 Nd5 29.
Qxf7+ Kh7 30. Qf5+ g6 31. Qf7+ Kh8 32. Nxc4 Rxe1+ 33. Bxe1 bxc4 34. Rxc4 Nf4 35. d5 Nxd5 36. Rd4 Qe5 37. Qxd5 Qxe1+ 38. Kh2 Re8 39. f4 Qe6 40. Qb7 Qf6 41. Rb4 Rf8 42. Qc7 g5 43. fxg5 hxg5 44. Rb7 Qf4+ 45. Qxf4 gxf4 46. Rb4 Kg7 47. h4 Kg6 48.
Rb5 f3 49. gxf3 Rxf3 50. Kg2 Rf4 51. Kg3 Rf8 52. Kg4 Rd8 53. h5+ Kh7 54. Kg5 Rg8+ 55. Kh4 Rf8 56. Rb7+ Kh6 57. Rb6+ Kh7 58. Kg5 Rg8+ 59.
Kf5 Rd8 60. Kg4 Rd4+ 61. Kg5 Rd5+ 62. Kg4 Rd4+ 63. Kg5 Rd5+ 64. Kh4 Rd4+ 65. Kg5 1/2-1/2

[Event "*** Titled Tuesday Blitz"]
[Site "Chess.com"]
[Date "2020.05.26"]
[Round "4"]
[White "ChessMavenYeti"]
[Black "kasparicy"]
[Result "1/2-1/2"]
[WhiteElo "2106"]
[BlackElo "2300"]
[TimeControl "180+1"]
[EndTime "10:39:46 PDT"]
[Termination "Game drawn - insufficient material"]

1. Nf3 Nf6 2. g3 g6 3. Bg2 Bg7 4. O-O d5 5. b3 O-O 6. Bb2 b6 7. c4 Bb7 8. d3 c5 9. Nbd2 d4 10. b4 Nbd7 11. bxc5 bxc5 12. Rb1 Rb8 13. Nb3 Qc7 14. Ba3 e5 15. e3 dxe3 16. fxe3 e4 17. Ng5 exd3 18. Qxd3 Bxg2 19. Kxg2 Ne5 20. Qc2 Qc6+ 21.
Nf3 Nfg4 22. Qe2 Rfe8 23. Bxc5 Rxb3 24. Rxb3 Qxc5 25. Nxe5 Nxe5 26. h3 Nxc4 27. e4 Qd4 28. Re1 Nd2 29. Rd3 Qxe4+ 30. Qxe4 Nxe4 31. Rd7 a5 32. g4 f5 33. gxf5 gxf5 34. Rd5 Re5 35.
Rxe5 Bxe5 36. Rf1 Nd6 37. Re1 Bc3 38. Rd1 Nf7 39. Rd5 Nh6 40. Rd6 Kg7 41. Kf3 Nf7 42.
Ra6 Bd2 43. h4 Ne5+ 44. Ke2 Bb4 45. Ke3 Bc5+ 46. Kf4 Bd4 47. Kxf5 Nc4 48. Ke4 Bg1 49. Kd5 Ne3+ 50. Ke4 Ng2 51. h5 Nh4 52. Rxa5 Bb6 53. Ra6 Bd8 54. h6+ Kf7 55. Ra7+ Be7 56. Rb7 Ng6 57.
a4 Kf8 58. a5 Bc5 59. Rxh7 Ne7 60. Rxe7 Bxe7 61. h7 Kg7 62. Kd5 Bh4 63. a6 Bf2 64.
Kc6 Kxh7 65. Kb7 Bg1 66. a7 Bxa7 1/2-1/2